 Dungeon Crawl Stone Soup version 0.27.1 (webtiles) character file.

Game seed: 7533412675699281653

91 MajorAdolf the Grave Robber (level 4, 0/39 HPs)
             Began as a Naga Wanderer on Aug 24, 2021.
             Succumbed to a water moccasin's poison
             ... on level 3 of the Dungeon.
             The game lasted 00:06:45 (4756 turns).

MajorAdolf the Grave Robber (Naga Wanderer)         Turns: 4756, Time: 00:06:46

Health: 0/39       AC:  2    Str: 15    XL:     4   Next: 57%
Magic:  4/5        EV:  9    Int: 14    God:
Gold:   76         SH:  0    Dex:  9    Spells: 4/5 levels left

rFire    . . .     SeeInvis +   a - +1 short sword
rCold    . . .     Faith    .   (no shield)
rNeg     . . .     Spirit   .   c - +0 robe
rPois    +         Reflect  .   (no helmet)
rElec    .         Harm     .   (no cloak)
rCorr    .         Rampage  .   (no gloves)
Will     .....                  (no barding)
Stlth    ++........             (no amulet)
HPRegen  0.13/turn              (no ring)
MPRegen  0.09/turn              (no ring)

@: mighty, lethally poisoned (0 -> -11), very slow
A: AC +1, large, see invisible, deformed body, poison resistance, slowness 2,
spit poison 1, naga tail 1
a: Spit Poison


You were on level 3 of the Dungeon.
You visited 1 branch of the dungeon, and saw 3 of its levels.

You collected 76 gold pieces.

Inventory:

Hand Weapons
 a - a +1 short sword (weapon)
 b - a +0 spear
 d - a +0 dagger
Armour
 c - a +0 robe (worn)
Jewellery
 o - a ring of ice
Scrolls
 m - a scroll of enchant weapon
Potions
 e - a potion of resistance {unknown}
 g - a potion of degeneration
 h - 2 potions of heal wounds
 l - a potion of flight {unknown}
 n - a potion of brilliance {unknown}


   Skills:
 - Level 2.0 Fighting
 - Level 1.0 Throwing
 - Level 1.0 Dodging
 - Level 3.0 Stealth
 - Level 1.0 Shields
 - Level 1.0 Spellcasting
 + Level 4.2 Necromancy
 - Level 1.0 Air Magic


You had 4 spell levels left.
You knew the following spells:

 Your Spells              Type           Power      Damage    Failure   Level
a - Pain                  Necr           48%        1d6       4%          1

Your spell library contained the following spells:

 Spells                   Type           Power      Damage    Failure   Level
 Animate Skeleton         Necr           24%        N/A       4%          1
 Vampiric Draining        Necr           6%         2d6       14%         3
 Animate Dead             Necr           6%         N/A       41%         4
 Agony                    Necr           12%        N/A       77%         5


Dungeon Overview and Level Annotations

Branches:
Dungeon (3/15)

Altars:
Elyvilon
Trog
Vehumet


Innate Abilities, Weirdness & Mutations

Your serpentine skin is tough. (AC +1)
You have supernaturally acute eyesight. (SInv)
Armour fits poorly on your strangely shaped body.
Your system is resistant to poisons. (rPois)
You cover ground very slowly.
You can spit poison.
You have a snake-like lower body.


Message History

Press: ? - help, Shift-Dir - straight line, f - water moccasin
Aim: a water moccasin The splash of poison misses the water moccasin.
The water moccasin writhes in agony.
The water moccasin struggles to resist.
You have got your breath back.
The water moccasin closely misses you.
A hobgoblin comes into view.
You feel very mighty all of a sudden. The water moccasin closely misses you.
Unknown command.
You miss the water moccasin.
The water moccasin is moderately wounded.
The water moccasin bites you! The water moccasin bites you.
You barely miss the water moccasin.
The water moccasin is moderately wounded.
The water moccasin bites you but does no damage.
You barely miss the water moccasin.
The water moccasin is moderately wounded.
The water moccasin bites you! The water moccasin bites you.
Unknown command.
The water moccasin barely misses you.
You miss the water moccasin.
The water moccasin is moderately wounded.
The water moccasin bites you.
You barely miss the water moccasin.
The water moccasin is moderately wounded.
The water moccasin bites you.
You are lethally poisoned!
The water moccasin poisons you! The water moccasin barely misses you.
Unknown command.
You closely miss the water moccasin.
The water moccasin is moderately wounded.
* * * LOW HITPOINT WARNING * * *
You feel very sick. The water moccasin bites you!
* * * LOW HITPOINT WARNING * * *
You puncture the water moccasin!
The water moccasin is heavily wounded.
You die...

,,,,*,*,,,*,,*,#####...# ####..##
,,,,*,,,,,,,,*,#.....♣♣♣*♣.##....
,,,,,,,,,,,,.......♣♣♣*♣P♣♣...#..
,,,,*,,,,,,,$#.#....,,,,P♣♣#..##.
,,,,*,*,,,,,,,,###.♣*,,,♣.♣#.....
,,,,*,,,,,,,,*** #.♣♣*,♣♣..♣.###.
**,,********,* #..♣♣P♣P.P♣.....
,*,,* **,* ###..#*♣.PP....##.
,*,***** *,,* #@Sg.# ♣♣.♣.♣.....
,,,,,,,* *,** #.######♣♣♣♣..<.#.
,,,,,,,* *,* #..†.#....####..##
,*****,****,*######.#.##.####..##
,**,,,,,,>,,,.....#.#.......#....
,,,,**,**,***,#.......##.##.##.##
,*****,**,***,#.#.##..##.##.♣#♣#♣
,,,,,,,**,**,,,,#.*##.##.........
,,,,,,,**,,,,,,,⌠*⌠,..#####.♣.♣.♣


You could see a water moccasin and a hobgoblin.

Vanquished Creatures
  2 adders (D:2)
  A worm (D:2)
  3 dart slugs (D:1)
  6 ball pythons
  7 endoplasms
  7 giant cockroaches
  4 hobgoblins
  3 jackals (D:2)
  3 quokkas
  4 bats (D:1)
  2 frilled lizards (D:2)
  6 goblins
  4 kobolds
  5 rats
57 creatures vanquished.

Vanquished Creatures (others)
  4 plants (D:3)
4 creatures vanquished.

Grand Total: 61 creatures vanquished

Notes
Turn   | Place    | Note
-------+----------+-------------------------------------------
     0 | D:1      | MajorAdolf the Naga Wanderer began the quest for the Orb.
     0 | D:1      | MajorAdolf set off with the following items: a +0 short
                  | sword, a +0 spear, a +0 robe, a +0 dagger; and the
                  | following spells available to memorise: Animate Skeleton,
                  | Pain, Vampiric Draining, Animate Dead, Agony
     0 | D:1      | Reached XP level 1. HP: 19/19 MP: 2/2
     2 | D:1      | Learned a level 1 spell: Pain
   452 | D:1      | Reached skill level 2 in Necromancy
   452 | D:1      | Reached XP level 2. HP: 11/26 MP: 1/3
  1317 | D:1      | Reached XP level 3. HP: 19/32 MP: 0/4
  1536 | D:1      | Reached skill level 3 in Necromancy
  2386 | D:2      | Found a faded altar of an unknown god.
  2835 | D:2      | Reached XP level 4. HP: 35/39 MP: 1/5
  3355 | D:2      | Reached skill level 4 in Necromancy
  4057 | D:3      | Found a bloodstained altar of Trog.
  4233 | D:3      | Noticed a water moccasin
  4247 | D:3      | Found a white marble altar of Elyvilon.
  4729 | D:3      | Found a radiant altar of Vehumet.
  4756 | D:3      | Succumbed to a water moccasin's poison

Illustrated notes

Levels and vault maps discovered:
D:1:      dpeg_arrival_pits, layout_loops_ring
D:2:      layout_basic, dreamdust_ecumenical_altar_hidden_monk_grotto,
          minmay_misc_feat_nine_boxes, minmay_fractal_squares_5
D:3:      layout_loops_cross, nicolae_overflow_quartered_altars,
          mainiacjoe_overflow_big_doors, serial_forest,
          infiniplex_forest_lined_2, infiniplex_forest_lined_room_,
          infiniplex_forest_end_double, infiniplex_forest_clump_small,
          infiniplex_forest_diagonal, infiniplex_forest_lined_2, hex_large

Skill      XL: |  1  2  3  4 |
---------------+-------------+-----
Necromancy     | 2 3 4 |  4.2
Fighting       | |  2.0
Throwing       | |  1.0
Dodging        | |  1.0
Stealth        | |  3.0
Shields        | |  1.0
Spellcasting   | |  1.0
Air Magic      | |  1.0

Action                   |  1- 3 |  4- 6 || total
-------------------------+-------+-------++-------
Melee: Short sword       |    65 |    33 ||    98
 Cast: Pain              |    65 |    28 ||    93
 Abil: Spit Poison       |    10 |     4 ||    14
  Use: Scroll            |       |     8 ||     8
       Potion            |       |     2 ||     2
 Stab: Sleeping          |       |     1 ||     1
Armor: Robe              |     7 |     7 ||    14
Dodge: Dodged            |    41 |    20 ||    61
